 Dungeon Crawl Stone Soup version 0.29.1-2-gbd0b4ee654 (webtiles) character file.

Game seed: 10367167411476784163

4 Avanven the Shooter (level 1, 0/18 HPs)
             Began as a Minotaur Hunter on Nov 6, 2022.
             Slain by a kobold
             ... wielding a +0 dagger
              (2 damage)
             ... on level 1 of the Dungeon.
             The game lasted 00:00:32 (97 turns).

Avanven the Shooter (Minotaur Hunter)                 Turns: 97, Time: 00:00:33

Health: 0/18       AC:  3    Str: 15    XL:     1   Next: 58%
Magic:  0/0        EV: 12    Int:  6    God:
Gold:   0          SH:  0    Dex: 13    Spells: 0/0 levels left

rFire   . . .      SeeInvis .   a - +0 shortbow
rCold   . . .      Faith    .   (shield currently unavailable)
rNeg    . . .      Spirit   .   c - +0 leather armour
rPois   .          Reflect  .   (helmet restricted)
rElec   .          Harm     .   (no cloak)
rCorr   .          Rampage  .   (no gloves)
Will    .....                   (no boots)
Stlth   +.........              (no amulet)
HPRegen 0.06/turn               (no ring)
MPRegen 0.07/turn               (no ring)

@: no status effects
A: horns 2, retaliatory headbutt
a: no special abilities


You were on level 1 of the Dungeon.
You visited 1 branch of the dungeon, and saw 1 of its levels.

Inventory:

Hand Weapons
 a - a +0 shortbow (weapon)
Armour
 c - a +0 leather armour (worn)
 e - a +0 pair of boots
Scrolls
 b - a scroll of immolation
 d - a scroll of magic mapping {unknown}


   Skills:
 - Level 2.4 Fighting
 + Level 4.7 Ranged Weapons
 - Level 2.1 Dodging
 - Level 0.7 Stealth


You couldn't memorise any spells.
You didn't know any spells.
Your spell library was empty.

Dungeon Overview and Level Annotations

Branches:
Dungeon (1/15)

Altars:


Innate Abilities, Weirdness & Mutations

You have a pair of horns on your head.
You reflexively headbutt those who attack you in melee.


Message History

The goblin is severely wounded.
The goblin misses you.
Fire: a) +0 shortbow
Press: ? - help, Shift-Dir - straight line, f/p - goblin
Aim: a goblin, wielding a +0 club (severely wounded, 53% to hit)
You shoot an arrow. The arrow hits the goblin!
You kill the goblin!
A ball python comes into view.
Fire: a) +0 shortbow
Press: ? - help, Shift-Dir - straight line, f - endoplasm
Aim: an endoplasm (86% to hit)
You shoot an arrow. The arrow barely misses the endoplasm.
The arrow hits the endoplasm!
You kill the endoplasm!
The endoplasm freezes you.
You are frozen.
The endoplasm barely misses you. You furiously retaliate!
You headbutt the endoplasm.
Fire: a) +0 shortbow
Press: ? - help, Shift-Dir - straight line, f/p - endoplasm
Aim: an endoplasm (lightly wounded, 86% to hit)
You shoot an arrow. The arrow hits the endoplasm.
The endoplasm is almost dead.
The endoplasm freezes you.
You are frozen.
The kobold barely misses you.
Fire: a) +0 shortbow
Press: ? - help, Shift-Dir - straight line, f/p - endoplasm
Aim: an endoplasm (almost dead, 86% to hit)
You shoot an arrow.
The arrow completely misses the endoplasm.
The endoplasm hits you.
* * * LOW HITPOINT WARNING * * *
The kobold hits you with a +0 dagger.
* * * LOW HITPOINT WARNING * * *
Fire: a) +0 shortbow
Press: ? - help, Shift-Dir - straight line, f/p - endoplasm
Aim: an endoplasm (almost dead, 86% to hit)
You shoot an arrow. The arrow hits the endoplasm.
You kill the endoplasm!
The kobold hits you with a +0 dagger.
You die...

.. #.# #### .. ...## #.#
######. ....## .. .......
.....# #g ..†.... .....####
#K####....... ..#.#.#.##
#.@).#....... .#.#.#.#.#
######..†......
..#.#.#.#####......S.......
.#.#.#.#......#####........
..#.#<#.#.####[............
.#.#.#.#.###...#####.......
..#.#.#.###..### ###.##.
.#.#.#.#.##.## (#
.....###....# .


You could see a hobgoblin, a ball python and a kobold.

Vanquished Creatures
  2 endoplasms (D:1)
  A goblin (D:1)
  A hobgoblin (D:1)
  A ball python (D:1)
5 creatures vanquished.

Notes
Turn   | Place    | Note
-------+----------+-------------------------------------------
     0 | D:1      | Avanven the Minotaur Hunter began the quest for the Orb.
     0 | D:1      | Reached XP level 1. HP: 18/18 MP: 0/0
    97 | D:1      | Slain by a kobold

Illustrated notes

Levels and vault maps discovered:
D:1:      lightli_arrival_chessboard, layout_rooms, grunt_decor_fettered

Action                   || total
-------------------------++-------
 Fire: Shortbow          ||    13
Armor: Leather armour    ||     3
Dodge: Dodged            ||     3
